 Dungeon Crawl Stone Soup version 0.27.1-1-g398f81649c (webtiles) character file.

Game seed: 10032783329205912630

20 nxtlvl the Ruffian (level 2, 0/23 HPs)
             Began as a Minotaur Transmuter on Sept 19, 2021.
             Slain by a hobgoblin (2 damage)
             ... on level 3 of the Dungeon.
             The game lasted 00:02:29 (270 turns).

nxtlvl the Ruffian (Minotaur Transmuter)             Turns: 270, Time: 00:02:29

Health: 0/23       AC:  3    Str: 14    XL:     2   Next: 58%
Magic:  1/3        EV: 11    Int: 10    God:
Gold:   19         SH:  3    Dex: 10    Spells: 2/3 levels left

rFire    . . .     SeeInvis .     - Unarmed
rCold    . . .     Faith    .   d - +0 buckler
rNeg     . . .     Spirit   .   c - +0 robe
rPois    .         Reflect  .   (helmet restricted)
rElec    .         Harm     .   (no cloak)
rCorr    .         Rampage  .   a - +0 pair of gloves
Will     .....                  (no boots)
Stlth    +.........             (no amulet)
HPRegen  0.07/turn              (no ring)
MPRegen  0.08/turn              (no ring)

@: very slightly contaminated
A: horns 2, retaliatory headbutt
a: no special abilities


You were on level 3 of the Dungeon.
You visited 1 branch of the dungeon, and saw 3 of its levels.

You collected 19 gold pieces.

Inventory:

Armour
 a - a +0 pair of gloves (worn)
 c - a +0 robe (worn)
 d - a +0 buckler (worn)
Scrolls
 e - a scroll of identify {unknown}
 f - 3 scrolls of acquirement {unknown}
 g - a scroll of teleportation {unknown}
Potions
 b - a potion of heal wounds {unknown}


   Skills:
 - Level 1.2 Fighting
 - Level 2.1 Dodging
 * Level 4.4 Unarmed Combat
 - Level 1.3 Spellcasting
 - Level 1.5 Transmutations


You had 2 spell levels left.
You knew the following spells:

 Your Spells              Type           Power      Damage    Failure   Level
a - Beastly Appendage     Tmut           6%         N/A       30%         1

Your spell library contained the following spells:

 Spells                   Type           Power      Damage    Failure   Level
 Wereblood                Tmut           3%         N/A       41%         2
 Spider Form              Tmut/Pois      1%         N/A       77%         3
 Ice Form                 Ice/Tmut       2%         N/A       99%         4


Dungeon Overview and Level Annotations

Branches:
Dungeon (3/15)

Altars:

Shops:
D:1 (


Innate Abilities, Weirdness & Mutations

You have a pair of horns on your head.
You reflexively headbutt those who attack you in melee.


Message History

A kobold comes into view. It is wielding a +0 dagger.
The kobold shouts!
Found a stone staircase leading down.
There is an open door here.
Casting: Beastly Appendage (safe; 30% risk of failure)
Confirm with . or Enter, or press ? or * to list all spells.
Your feet morph into talons.
The kobold throws a stone.
The stone hits you.
* * * LOW HITPOINT WARNING * * *
Your transformation is almost over.
You barely miss the kobold. The kobold hits you but does no damage.
You barely miss the kobold. The kobold hits you with a +0 dagger.
* * * LOW HITPOINT WARNING * * *
You hit the kobold. Your kick misses the kobold.
The kobold is severely wounded.
You block the kobold's attack.
You hit the kobold but do no damage. You headbutt the kobold.
You kill the kobold!
Things that are here:
a +0 dagger; a stone Your talons disappear.
There is a stone staircase leading down here.
You climb downwards.
There is a stone staircase leading up here.
A hobgoblin comes into view.
The hobgoblin shouts!
Casting: Beastly Appendage (safe; 30% risk of failure)
Confirm with . or Enter, or press ? or * to list all spells.
You miscast Beastly Appendage.
You are very lightly contaminated with residual magic.
Nothing appears to happen.
The rat bites you.
* * * LOW HITPOINT WARNING * * *
You closely miss the rat. The rat bites you.
* * * LOW HITPOINT WARNING * * *
You punch the rat!
You kill the rat!
You see here a rat corpse.
You hit the hobgoblin. Your headbutt misses the hobgoblin.
The hobgoblin is almost dead.
The hobgoblin hits you.
You die...

#. #. #.
#.#### ..#.#
...
#.##.#<###....
#....#........
#####.........
#....@###.#...
#.##.g# .# ..
#..# . ...# #
#.#.# #.#.#
#.... ###.#


You could see a hobgoblin.

Vanquished Creatures
  5 ball pythons
  A giant cockroach (D:1)
  A hobgoblin (D:1)
  3 kobolds
  2 quokkas (D:1)
  A bat (D:1)
  A frilled lizard (D:1)
  6 rats
20 creatures vanquished.

Notes
Turn   | Place    | Note
-------+----------+-------------------------------------------
     0 | D:1      | nxtlvl the Minotaur Transmuter began the quest for the Orb.
     0 | D:1      | Reached XP level 1. HP: 16/16 MP: 1/1
   107 | D:1      | Found Uxiosh's Antique Weapon Boutique.
   135 | D:1      | Reached skill level 4 in Unarmed Combat
   135 | D:1      | Reached XP level 2. HP: 14/23 MP: 0/3
   270 | D:3      | Slain by a hobgoblin

Illustrated notes

Levels and vault maps discovered:
D:1:      erik_arrival_cave_to_civilisation [erik_arrival_cave_to_hall],
          layout_loops_ring, serial_rivers, chequers_serial_rivers_micro_c,
          chequers_serial_rivers_micro_b, chequers_serial_rivers_large_a,
          chequers_serial_rivers_small_a, chequers_serial_rivers_small_b,
          serial_shops, shop, minmay_fountain_box
D:2:      layout_loops_corners, minmay_misc_feat_ornament
D:3:      layout_basic, minmay_quadrilaterals

Skill      XL: |  1 |
---------------+----+-----
Unarmed Combat | 4 |  4.4
Fighting       | |  1.2
Dodging        | |  2.1
Spellcasting   | |  1.3
Transmutations | |  1.5

Action                   || total
-------------------------++-------
Melee: Unarmed           ||    54
       Kick              ||     4
       Headbutt          ||     5
 Cast: Beastly Appendage ||     6
Armor: Robe              ||     5
Dodge: Dodged            ||    28
Block: Buckler           ||     7
